 Dungeon Crawl Stone Soup version 0.21-a0-278-ga722497 (webtiles) character file.

285 vishdafish the Chopper (level 6, -6/50 HPs)
             Began as a Demonspawn Fighter on Sept 23, 2017.
             Was an Initiate of Makhleb.
             Killed by nerve-wracking pain
             ... invoked by Menkaure
              (10 damage)
             ... on level 4 of the Dungeon.
             The game lasted 00:05:42 (2315 turns).

vishdafish the Chopper (Demonspawn Fighter)         Turns: 2315, Time: 00:05:43

Health: -6/50      AC:  7    Str: 19    XL:     6   Next: 7%
Magic:  6/6        EV:  8    Int: 10    God:    Makhleb [......]
Gold:   138        SH:  9    Dex: 13    Spells: 5/5 levels left

rFire    . . .     SeeInvis .   a - +1 war axe
rCold    + . .     Gourm    .   c - +0 shield
rNeg     . . .     Faith    .   b - +0 scale mail
rPois    .         Spirit   .   g - +0 helmet
rElec    .         Reflect  .   (no cloak)
rCorr    .         Harm     .   (no gloves)
MR       .....                  (no boots)
Stlth    ..........             (no amulet)
HPRegen  0.16/turn              (no ring)
MPRegen  0.10/turn              (no ring)

@: no status effects
A: rugged brown scales 2, cold resistance 1, deformed body, powered by death 2,
strong 1
a: Renounce Religion


You were on level 4 of the Dungeon.
You worshipped Makhleb.
Makhleb was noncommittal.
You were not hungry.

You visited 2 branches of the dungeon, and saw 5 of its levels.

You collected 138 gold pieces.

Inventory:

Hand Weapons
 a - a +1 war axe (weapon)
Missiles
 u - 7 javelins (quivered)
Armour
 b - a +0 scale mail (worn)
 c - a +0 shield (worn)
 g - a +0 helmet (worn)
 v - cursed +0 shadow dragon scales
Scrolls
 d - a scroll of teleportation {unknown}
 e - a scroll of identify
 h - 2 scrolls of enchant armour
 k - a scroll of remove curse
 m - a scroll of enchant weapon
 o - a scroll of immolation {unknown}
 q - a scroll of amnesia {unknown}
 r - a scroll of magic mapping {unknown}
 s - a scroll of blinking {unknown}
Potions
 j - a potion of mutation
Comestibles
 f - 3 bread rations
 i - 2 royal jellies
 l - 2 meat rations


   Skills:
 + Level 3.8 Fighting
 + Level 3.9 Axes
 + Level 3.6 Armour
 + Level 1.2 Dodging
 + Level 0.2 Stealth
 + Level 3.5 Shields


You had 5 spell levels left.
You didn't know any spells.

Dungeon Overview and Level Annotations

Branches:
Dungeon (4/15)             Temple (1/1) D:4

Altars:
Ashenzari
Cheibriados
Dithmenos
Elyvilon
Gozag
Hepliaklqana
Makhleb
Okawaru
Sif Muna
Trog
Uskayaw
Vehumet
Wu Jian
Xom
Yredelemnul
Zin
The Shining One

Annotations:
D:4 Menkaure


Innate Abilities, Weirdness & Mutations

You are mostly covered in rugged brown scales. (AC +2, +5% HP)
You regenerate health from kills.
Your flesh is cold resistant. (rC+)
Armour fits poorly on your strangely shaped body.
Your muscles are strong. (Str +2)


Message History

You feel a surge of unholy energy. Menkaure barely misses you.
You hit Menkaure.
Menkaure is heavily damaged.
Menkaure blazes with dark energy!
You block Menkaure's attack.
Throwing (i - inventory. (,) - cycle):
t - a throwing net (quivered)
Press: ? - help, Shift-Dir - straight line, f - Menkaure
Aim: Menkaure (heavily damaged, fast)
You throw a throwing net.
The throwing net barely misses Menkaure.
You block Menkaure's attack. x2
You hit Menkaure but do no damage.
Menkaure is heavily damaged.
Menkaure barely misses you.
You slash Menkaure!
Menkaure is almost destroyed.
Menkaure hits you but does no damage.
Menkaure points at you and mumbles some strange words.
Pain shoots through your body!
You die...

#.# #.#
#.#
########
#># #.#
#.#
..≈≈≈..#
#. ##.##
#.#
.≈≈§≈≈.#
#.
#..(###.##
≈≈§≈§≈≈#
#.
#........#
§§≈>≈§§#
#........#
§§≈≈§≈≈#
###.###.##
.≈§§≈≈.#
#M###.#
..≈≈≈..#
#@#...#
###..###
#>#.###
#.## #.#.#
#.# ..
#.#.#
###.## #.#
#.#.#
.....# #.#
#....
####.# #.#
#.#M#
###.###
#.# ..#.#
#.....#
#.# ...


You could see Menkaure.

Vanquished Creatures
  2 vampire bats (D:4)
  Terence (D:2)
  Robin (D:2)
  4 gnolls (D:3)
  4 adders
  An adder skeleton (D:4)
  2 worms
  A dart slug (D:1)
  3 leopard geckos
  2 giant cockroaches (D:1)
  12 goblins
  12 hobgoblins
  11 jackals
  3 ball pythons
  7 bats
  2 frilled lizards
  9 kobolds
  8 rats
85 creatures vanquished.

Notes
Turn   | Place    | Note
-------+----------+-------------------------------------------
     0 | D:1      | vishdafish the Demonspawn Fighter began the quest for the Orb.
     0 | D:1      | Reached XP level 1. HP: 18/18 MP: 1/1
   109 | D:1      | Gained mutation: You regenerate a little health from kills. [demonic ancestry]
   109 | D:1      | Reached XP level 2. HP: 12/24 MP: 2/2
   514 | D:1      | Gained mutation: You regenerate health from kills. [demonic ancestry]
   514 | D:1      | Reached XP level 3. HP: 29/29 MP: 3/3
   729 | D:2      | Noticed Robin
   747 | D:2      | Reached XP level 4. HP: 35/35 MP: 4/4
   765 | D:2      | Killed Robin
   889 | D:2      | Noticed Terence
   897 | D:2      | Killed Terence
  1283 | D:2      | Found a bloodstained altar of Trog.
  1286 | D:2      | Found a deep blue altar of Sif Muna.
  1288 | D:2      | Found a radiant altar of Vehumet.
  1491 | D:3      | Gained mutation: You are partially covered in rugged brown scales. (AC +1, +3% HP) [demonic ancestry]
  1491 | D:3      | Reached XP level 5. HP: 19/42 MP: 5/5
  1511 | D:3      | Reached skill level 1 in Dodging
  2057 | D:4      | Found a staircase to the Ecumenical Temple.
  2066 | Temple   | Entered the Ecumenical Temple
  2153 | Temple   | Became a worshipper of Makhleb the Destroyer
  2213 | D:4      | Found the +4 Vampire's Tooth {vamp}
  2236 | D:4      | Gained mutation: You are mostly covered in rugged brown scales. (AC +2, +5% HP) [demonic ancestry]
  2236 | D:4      | Reached XP level 6. HP: 39/50 MP: 6/6
  2291 | D:4      | Noticed Menkaure
  2308 | D:4      | Gained mutation: Your flesh is cold resistant. (rC+) [potion of mutation]
  2308 | D:4      | Gained mutation: Armour fits poorly on your strangely shaped body. [potion of mutation]
  2308 | D:4      | Gained mutation: Your muscles are strong. (Str +2) [potion of mutation]
  2315 | D:4      | Killed from afar by Menkaure

Vault maps used:
D:1:      dpeg_arrival_stone_temple_mockup
D:2:      nicolae_overflow_hidden_temple, uniq_terence, uniq_robin
D:4:      grunt_temple_overflow_growth_and_decay, minmay_temple_entry_mist,
          minmay_misc_feat_chi, minmay_guarded_unrand_vampires_tooth,
          uniq_sigmund, uniq_menkaure
Temple:   nicolae_temple_great_sept

Skill      XL: |  1  2  3  4  5 |
---------------+----------------+-----
Armour         | 3 |  3.6
Axes           | 2 3 |  3.9
Shields        | 3 |  3.5
Dodging        | 1 |  1.2
Fighting       | |  3.8
Stealth        | |  0.2

Action                   |  1- 3 |  4- 6 || total
-------------------------+-------+-------++-------
Melee: War axe           |   133 |   147 ||   280
Throw: Throwing net      |       |     1 ||     1
  Use: Potion            |     2 |     3 ||     5
       Scroll            |       |     3 ||     3
 Stab: Invisible         |     1 |       ||     1
  Eat: Chunk             |       |     5 ||     5
Armor: Scale mail        |    65 |    84 ||   149
Dodge: Dodged            |    44 |    48 ||    92
Block: Shield            |    84 |    88 ||   172

Table legend:
 A = Spawn XP
 B = Non-spawn XP
 C = Spawn XP percentage of total XP
 D = Spawn monster count
 E = Non-spawn monster count
 F = Spawn count percentage of total count
 G = Total turns spent on level
                    A         B        C        D         E        F      G
               +---------+---------+-------+---------+---------+-------+---------
         Total |       0 |     408 |   0.0 |       0 |      85 |   0.0 |  2315
               +---------+---------+-------+---------+---------+-------+---------
           D:1 |       0 |      51 |   0.0 |       0 |      29 |   0.0 |   576
           D:2 |       0 |     124 |   0.0 |       0 |      29 |   0.0 |   794
           D:3 |       0 |     113 |   0.0 |       0 |      21 |   0.0 |   661
           D:4 |       0 |     120 |   0.0 |       0 |       6 |   0.0 |   183
               +---------+---------+-------+---------+---------+-------+---------
